| TOP OF THE 1ST |
|
Tampa Pirates batting - Pitching for West Palm Beach Expos : RHP Felipe Lopez
|
|
Pitching: RHP Felipe Lopez
|
|
|
Batting: RHB Erwin Bryant
|
0-0: Ball 1-0: SINGLE (Groundball, 6D, EV 98.8 MPH)
|
|
Batting: RHB Ricky Jones
|
0-0: Ball Erwin Bryant steals 2nd base 1-0: Ball 2-0: Ball 3-0: Called Strike 3-1: Fly out, F9 (Flyball, 9S, EV 88.8 MPH)
|
|
Batting: LHB Pedro Nunez
|
0-0: Ball 1-0: Ground out 6-3 (Groundball, 6, EV 89.4 MPH) Erwin Bryant to third
|
|
Batting: LHB David Frederick
|
0-0: Ball 1-0: Ground out 6-3 (Groundball, 6M, EV 86.9 MPH)
|
| Top of the 1st over - 0 runs, 1 hit, 0 errors, 1 left on base; Tampa 0 - West Palm Beach 0 |
| BOTTOM OF THE 1ST |
|
West Palm Beach Expos batting - Pitching for Tampa Pirates : RHP Bill Kelly
|
|
Pitching: RHP Bill Kelly
|
|
|
Batting: RHB Melvin Freeman
|
0-0: Swinging Strike 0-1: Called Strike 0-2: Fly out, F7 (Line Drive, 7, EV 102.5 MPH)
|
|
Batting: LHB Keith Hughes
|
0-0: Ball 1-0: Ball 2-0: Called Strike 2-1: Called Strike 2-2: Ball 3-2: Base on Balls
|
|
Batting: SHB Terry Pendleton
|
0-0: Ball 1-0: Fly out, F7 (Flyball, 7S, EV 96.9 MPH)
|
|
Batting: SHB Mark Pirruccello
|
0-0: Ball 1-0: Foul Ball, location: 2F 1-1: Ball 2-1: Ball 3-1: Foul Ball, location: 2F 3-2: Base on Balls Keith Hughes to second
|
|
Batting: RHB Don Berti
|
0-0: Swinging Strike 0-1: Ball 1-1: Ball 2-1: Swinging Strike 2-2: Strikes out swinging
|
| Bottom of the 1st over - 0 runs, 0 hits, 0 errors, 2 left on base; Tampa 0 - West Palm Beach 0 |
| TOP OF THE 2ND |
|
Tampa Pirates batting - Pitching for West Palm Beach Expos : RHP Felipe Lopez
|
|
Batting: RHB Cliff Pastornicky
|
0-0: Fly out, F5 (Popup, 5SF, EV 70.0 MPH)
|
|
Batting: LHB Alfredo Rodriguez
|
0-0: Foul Ball, location: 2F 0-1: SINGLE (Groundball, 4D, EV 101.3 MPH)
|
|
Batting: RHB Dale Eiler
|
0-0: Ball Alfredo Rodriguez steals 2nd base 1-0: Called Strike 1-1: Fly out, F9 (Flyball, 9LM, EV 86.9 MPH) Runner from 2nd tags up, SAFE at 3rd, no throw by RF
|
|
Batting: RHB Roy Dixon
|
0-0: Called Strike 0-1: DOUBLE (Line Drive, 7LM, EV 93.1 MPH) Alfredo Rodriguez scores
|
|
Batting: LHB Charles Rouse
|
0-0: Ball 1-0: Ball 2-0: Ball 3-0: Called Strike 3-1: Base on Balls
|
|
Batting: RHB Erwin Bryant
|
0-0: SINGLE (Groundball, 6S, EV 73.8 MPH) (infield hit) Roy Dixon to third Charles Rouse to second
|
|
Batting: RHB Ricky Jones
|
0-0: Ball 1-0: Ball 2-0: Ball 3-0: Called Strike 3-1: Swinging Strike 3-2: DOUBLE (Flyball, 8LXD, EV 107.5 MPH) Roy Dixon scores Charles Rouse scores Erwin Bryant to third Erwin Bryant scores
|
|
Batting: LHB Pedro Nunez
|
0-0: DOUBLE (Flyball, 89XD, EV 102.5 MPH) Ricky Jones scores
|
|
Batting: LHB David Frederick
|
0-0: Swinging Strike 0-1: Ball 1-1: Ball Passed Ball! Pedro Nunez to third 2-1: Fly out, F7 (Flyball, 7S, EV 95.0 MPH)
|
| Top of the 2nd over - 5 runs, 5 hits, 0 errors, 1 left on base; Tampa 5 - West Palm Beach 0 |
| BOTTOM OF THE 2ND |
|
West Palm Beach Expos batting - Pitching for Tampa Pirates : RHP Bill Kelly
|
|
Batting: LHB Jesus Alfes
|
0-0: TRIPLE (Line Drive, 8RXD, EV 110.0 MPH)
|
|
Batting: RHB Roland Oruna
|
0-0: Ball 1-0: Fly out, F6 (Line Drive, 6, EV 71.9 MPH)
|
|
Batting: RHB Matthew Gundelfinger
|
0-0: Ball 1-0: Ball 2-0: Ball 3-0: Called Strike 3-1: Called Strike 3-2: Ground out 4-3 (Groundball, 4S, EV 90.6 MPH) Jesus Alfes scores
|
|
Batting: RHB Humberto Cardenas
|
0-0: Fly out, F7 (Flyball, 78D, EV 98.1 MPH)
|
| Bottom of the 2nd over - 1 run, 1 hit, 0 errors, 0 left on base; Tampa 5 - West Palm Beach 1 |
| TOP OF THE 3RD |
|
Tampa Pirates batting - Pitching for West Palm Beach Expos : RHP Felipe Lopez
|
|
Batting: RHB Cliff Pastornicky
|
0-0: SINGLE (Groundball, 56D, EV 108.8 MPH)
|
|
Batting: LHB Alfredo Rodriguez
|
0-0: Ball 1-0: Foul Ball, location: 2F 1-1: Foul Ball, location: 2F 1-2: Ball 2-2: Ball 3-2: Base on Balls Cliff Pastornicky to second
|
|
Batting: RHB Dale Eiler
|
0-0: Ball 1-0: Ball 2-0: Foul Ball, location: 2F 2-1: Ball 3-1: Called Strike 3-2: Foul Ball, location: 2F 3-2: DOUBLE (Flyball, 8RXD, EV 96.9 MPH) Cliff Pastornicky scores Alfredo Rodriguez to third Alfredo Rodriguez scores
|
|
Pitching: RHP Larry Freeburg
|
|
|
Batting: RHB Roy Dixon
|
0-0: Ball 1-0: SINGLE (Groundball, 56D, EV 94.4 MPH) Dale Eiler to third Runner from 3rd tries for Home, SAFE, throw by LF to home
|
|
Batting: LHB Charles Rouse
|
0-0: Ball 1-0: Ball Wild Pitch! Roy Dixon to second 2-0: SINGLE (Line Drive, 34D, EV 105.6 MPH) Roy Dixon to third
|
|
Batting: RHB Erwin Bryant
|
0-0: Foul Ball, location: 2F 0-1: Ball 1-1: Ball 2-1: Fly out, F8 (Line Drive, 8LD, EV 98.1 MPH)
|
|
Batting: RHB Ricky Jones
|
0-0: Fielders Choice at 2nd, 6-4 (Groundball, 6S, EV 91.3 MPH) Roy Dixon scores
|
|
Batting: LHB Pedro Nunez
|
0-0: Fielders Choice at 2nd, 6-4 (Groundball, 56, EV 79.4 MPH)
|
| Top of the 3rd over - 4 runs, 4 hits, 0 errors, 1 left on base; Tampa 9 - West Palm Beach 1 |
| BOTTOM OF THE 3RD |
|
West Palm Beach Expos batting - Pitching for Tampa Pirates : RHP Bill Kelly
|
|
Batting: RHB Melvin Freeman
|
0-0: Foul Ball, location: 2F 0-1: Called Strike 0-2: Ball 1-2: DOUBLE (Line Drive, 78D, EV 113.8 MPH)
|
|
Batting: LHB Keith Hughes
|
0-0: Called Strike 0-1: Ball 1-1: Foul Ball, location: 2F 1-2: Foul Ball, location: 2F 1-2: Foul Ball, location: 2F 1-2: Ground out 4-3 (Groundball, 4, EV 94.4 MPH) Melvin Freeman to third
|
|
Batting: SHB Terry Pendleton
|
0-0: Ball 1-0: Ball 2-0: Ball Passed Ball! Melvin Freeman scores 3-0: Swinging Strike 3-1: Foul Ball, location: 2F 3-2: Base on Balls
|
|
Batting: SHB Mark Pirruccello
|
0-0: Ball 1-0: Grounds into double play, 6-4-3 (Groundball, 6, EV 86.9 MPH)
|
| Bottom of the 3rd over - 1 run, 1 hit, 0 errors, 0 left on base; Tampa 9 - West Palm Beach 2 |
| TOP OF THE 4TH |
|
Tampa Pirates batting - Pitching for West Palm Beach Expos : RHP Larry Freeburg
|
|
Batting: LHB David Frederick
|
0-0: Called Strike 0-1: Ground out 4-3 (Groundball, 34, EV 88.1 MPH)
|
|
Batting: RHB Cliff Pastornicky
|
0-0: Ground out 6-3 (Groundball, 6, EV 84.4 MPH)
|
|
Batting: LHB Alfredo Rodriguez
|
0-0: Ball 1-0: Foul Ball, location: 2F 1-1: Foul Ball, location: 2F 1-2: Ball 2-2: SINGLE (Line Drive, 6M, EV 93.8 MPH)
|
|
Batting: RHB Dale Eiler
|
0-0: Called Strike 0-1: Foul Ball, location: 2F 0-2: Ball 1-2: Ball 2-2: Ball 3-2: Fly out, F8 (Flyball, 8LS, EV 72.5 MPH)
|
| Top of the 4th over - 0 runs, 1 hit, 0 errors, 1 left on base; Tampa 9 - West Palm Beach 2 |
| BOTTOM OF THE 4TH |
|
West Palm Beach Expos batting - Pitching for Tampa Pirates : RHP Bill Kelly
|
|
Batting: RHB Don Berti
|
0-0: Called Strike 0-1: Ball 1-1: Ground out 4-3 (Groundball, 4, EV 89.4 MPH)
|
|
Batting: LHB Jesus Alfes
|
0-0: Ball 1-0: Called Strike 1-1: Ball 2-1: Ground out 4-3 (Groundball, 34D, EV 85.0 MPH)
|
|
Batting: RHB Roland Oruna
|
0-0: Ball 1-0: Called Strike 1-1: Ball 2-1: Ball 3-1: Foul Ball, location: 2F 3-2: Foul Ball, location: 2F 3-2: Base on Balls
|
|
Batting: RHB Matthew Gundelfinger
|
0-0: Ball 1-0: Ball 2-0: Ground out 5-3 (Groundball, 56S, EV 70.6 MPH)
|
| Bottom of the 4th over - 0 runs, 0 hits, 0 errors, 1 left on base; Tampa 9 - West Palm Beach 2 |
| TOP OF THE 5TH |
|
Tampa Pirates batting - Pitching for West Palm Beach Expos : RHP Larry Freeburg
|
|
Batting: RHB Roy Dixon
|
0-0: DOUBLE (Groundball, 5L, EV 100.6 MPH)
|
|
Batting: LHB Charles Rouse
|
0-0: Ball 1-0: Foul Ball, location: 2F 1-1: Ball 2-1: SINGLE (Groundball, 34D, EV 98.8 MPH) Roy Dixon to third Runner from 3rd tries for Home, SAFE, throw by RF to home Charles Rouse to second
|
|
Batting: RHB Erwin Bryant
|
0-0: Called Strike 0-1: Foul Ball, location: 2F 0-2: Ball 1-2: Foul Ball, location: 2F 1-2: SINGLE (Groundball, 6M, EV 91.3 MPH) (infield hit) Charles Rouse to third
|
|
Batting: RHB Ricky Jones
|
0-0: Called Strike 0-1: Fly out, F8 (Flyball, 8RXD, EV 88.8 MPH) Runner from 3rd tags up, SCORES, no throw by CF
|
|
Batting: LHB Pedro Nunez
|
0-0: Foul Ball, location: 2F 0-1: Fly out, F7 (Flyball, 78M, EV 88.8 MPH)
|
|
Batting: LHB David Frederick
|
0-0: Ball 1-0: Foul Ball, location: 2F 1-1: SINGLE (Flyball, 89S, EV 93.8 MPH) Erwin Bryant to second
|
|
Batting: RHB Cliff Pastornicky
|
0-0: Ball 1-0: Called Strike 1-1: Swinging Strike 1-2: Strikes out swinging
|
| Top of the 5th over - 2 runs, 4 hits, 0 errors, 2 left on base; Tampa 11 - West Palm Beach 2 |
| BOTTOM OF THE 5TH |
|
West Palm Beach Expos batting - Pitching for Tampa Pirates : RHP Bill Kelly
|
|
Batting: RHB Humberto Cardenas
|
0-0: DOUBLE (Line Drive, 8LD, EV 98.1 MPH)
|
|
Batting: RHB Melvin Freeman
|
0-0: Called Strike 0-1: Called Strike 0-2: Ball 1-2: Ball 2-2: Fly out, F8 (Flyball, 8RD, EV 80.0 MPH)
|
|
Batting: LHB Keith Hughes
|
0-0: Ball 1-0: Foul Ball, location: 2F 1-1: Foul Ball, location: 2F 1-2: Ball 2-2: Strikes out swinging
|
|
Batting: SHB Terry Pendleton
|
0-0: Swinging Strike 0-1: DOUBLE (Groundball, 3L, EV 103.1 MPH) Humberto Cardenas scores
|
|
Batting: SHB Mark Pirruccello
|
0-0: Fly out, F7 (Flyball, 7, EV 75.0 MPH)
|
| Bottom of the 5th over - 1 run, 2 hits, 0 errors, 1 left on base; Tampa 11 - West Palm Beach 3 |
| TOP OF THE 6TH |
|
Tampa Pirates batting - Pitching for West Palm Beach Expos : RHP Larry Freeburg
|
|
Batting: LHB Alfredo Rodriguez
|
0-0: Called Strike 0-1: Ball 1-1: Fly out, F6 (Flyball, 56D, EV 88.8 MPH)
|
|
Batting: RHB Dale Eiler
|
0-0: Called Strike 0-1: Ground out U3 (Groundball, 3L, EV 96.9 MPH)
|
|
Batting: RHB Roy Dixon
|
0-0: Swinging Strike 0-1: Ball 1-1: Ball 2-1: Ball 3-1: Ground out 6-3 (Groundball, 6, EV 101.9 MPH)
|
| Top of the 6th over - 0 runs, 0 hits, 0 errors, 0 left on base; Tampa 11 - West Palm Beach 3 |
| BOTTOM OF THE 6TH |
|
West Palm Beach Expos batting - Pitching for Tampa Pirates : RHP Bill Kelly
|
|
Batting: RHB Don Berti
|
0-0: Ball 1-0: Called Strike 1-1: Called Strike 1-2: Ball 2-2: Ball 3-2: Base on Balls
|
|
Batting: LHB Jesus Alfes
|
0-0: Foul Ball, location: 2F 0-1: Ball 1-1: Ball 2-1: Fly out, F9 (Flyball, 89D, EV 85.6 MPH)
|
|
Batting: RHB Roland Oruna
|
0-0: Called Strike 0-1: Grounds into double play, 4-6-3 (Groundball, 34, EV 100.6 MPH)
|
| Bottom of the 6th over - 0 runs, 0 hits, 0 errors, 0 left on base; Tampa 11 - West Palm Beach 3 |
| TOP OF THE 7TH |
|
Tampa Pirates batting - Pitching for West Palm Beach Expos : RHP Larry Freeburg
|
|
Pinch Hitting: LHB Thomas Mee
|
0-0: SINGLE (Groundball, 4D, EV 100.6 MPH)
|
|
Pitching: LHP Elmer Cavner
|
|
|
Batting: RHB Erwin Bryant
|
0-0: Ball 1-0: Fly out, F5 (Line Drive, 5, EV 69.4 MPH)
|
|
Batting: RHB Ricky Jones
|
0-0: Fly out, F8 (Flyball, 8LXD, EV 105.0 MPH)
|
|
Pinch Hitting: RHB James Van Deventer
|
0-0: Foul Ball, location: 2F 0-1: Ball 1-1: Foul Ball, location: 2F 1-2: SINGLE (Line Drive, 7S, EV 100.6 MPH) Thomas Mee to second
|
|
Batting: LHB David Frederick
|
0-0: Called Strike 0-1: Ball 1-1: Ball 2-1: Swinging Strike 2-2: Strikes out swinging
|
| Top of the 7th over - 0 runs, 2 hits, 0 errors, 2 left on base; Tampa 11 - West Palm Beach 3 |
| BOTTOM OF THE 7TH |
|
West Palm Beach Expos batting - Pitching for Tampa Pirates : RHP Bill Kelly
|
|
Now at 2B: Thomas Mee
|
|
|
Now in RF: James Van Deventer
|
|
|
Batting: RHB Matthew Gundelfinger
|
0-0: Ball 1-0: Swinging Strike 1-1: DOUBLE (Line Drive, 9D, EV 94.4 MPH)
|
|
Batting: RHB Humberto Cardenas
|
0-0: Called Strike 0-1: Ball 1-1: Ground out 4-3 (Groundball, 4S, EV 87.5 MPH) Matthew Gundelfinger to third
|
|
Pinch Hitting: RHB Gregory Dikos
|
0-0: Ball 1-0: Ball 2-0: Foul Ball, location: 2F 2-1: Ball 3-1: Base on Balls
|
|
Batting: LHB Keith Hughes
|
0-0: Called Strike 0-1: Ball 1-1: Fielders Choice at 2nd, 3-6 (Groundball, 3, EV 82.5 MPH) Matthew Gundelfinger scores
|
|
Batting: SHB Terry Pendleton
|
0-0: Called Strike 0-1: Ball 1-1: Ball 2-1: SINGLE (Flyball, 78S, EV 96.9 MPH) Keith Hughes to second
|
|
Batting: SHB Mark Pirruccello
|
0-0: Ball 1-0: Ball 2-0: Fly out, F7 (Flyball, 78M, EV 76.9 MPH)
|
| Bottom of the 7th over - 1 run, 2 hits, 0 errors, 2 left on base; Tampa 11 - West Palm Beach 4 |
| TOP OF THE 8TH |
|
Tampa Pirates batting - Pitching for West Palm Beach Expos : LHP Elmer Cavner
|
|
Now at 3B: Gregory Dikos
|
|
|
Batting: RHB Cliff Pastornicky
|
0-0: Ball 1-0: Foul Ball, location: 2F 1-1: Swinging Strike 1-2: Strikes out looking
|
|
Batting: LHB Alfredo Rodriguez
|
0-0: Called Strike 0-1: Swinging Strike 0-2: Ball 1-2: Strikes out looking
|
|
Batting: RHB Dale Eiler
|
0-0: Fly out, F8 (Line Drive, 8RM, EV 85.0 MPH)
|
| Top of the 8th over - 0 runs, 0 hits, 0 errors, 0 left on base; Tampa 11 - West Palm Beach 4 |
| BOTTOM OF THE 8TH |
|
West Palm Beach Expos batting - Pitching for Tampa Pirates : RHP Bill Kelly
|
|
Batting: RHB Don Berti
|
0-0: Ball 1-0: Swinging Strike 1-1: Ball 2-1: Ball 3-1: Base on Balls
|
|
Pinch Hitting: RHB Pat D Kelly
|
0-0: SINGLE (Groundball, 6MD, EV 105.0 MPH) Don Berti to second
|
|
Batting: RHB Roland Oruna
|
0-0: Grounds into double play, 6-4-3 (Groundball, 6, EV 91.9 MPH) Don Berti to third
|
|
Batting: RHB Matthew Gundelfinger
|
0-0: Ball 1-0: Foul Ball, location: 2F 1-1: Ground out 6-3 (Groundball, 6, EV 105.6 MPH)
|
| Bottom of the 8th over - 0 runs, 1 hit, 0 errors, 1 left on base; Tampa 11 - West Palm Beach 4 |
| TOP OF THE 9TH |
|
Tampa Pirates batting - Pitching for West Palm Beach Expos : LHP Elmer Cavner
|
|
Now at 1B: Pat Adams
|
|
|
Batting: RHB Roy Dixon
|
0-0: Called Strike 0-1: Ball 1-1: Fly out, F8 (Flyball, 8RD, EV 93.1 MPH)
|
|
Batting: LHB Thomas Mee
|
0-0: Swinging Strike 0-1: Foul Ball, location: 2F 0-2: Ground out 4-3 (Groundball, 4, EV 87.5 MPH)
|
|
Batting: RHB Erwin Bryant
|
0-0: Called Strike 0-1: Ball 1-1: Ball 2-1: Ball 3-1: Ground out U3 (Groundball, 34S, EV 85.0 MPH)
|
| Top of the 9th over - 0 runs, 0 hits, 0 errors, 0 left on base; Tampa 11 - West Palm Beach 4 |
| BOTTOM OF THE 9TH |
|
West Palm Beach Expos batting - Pitching for Tampa Pirates : RHP Bill Kelly
|
|
Batting: RHB Humberto Cardenas
|
0-0: Ball 1-0: Fly out, F9 (Flyball, 9D, EV 107.5 MPH)
|
|
Batting: RHB Gregory Dikos
|
0-0: Ball 1-0: Ball 2-0: Called Strike 2-1: Foul Ball, location: 2F 2-2: Fly out, F7 (Flyball, 78S, EV 82.5 MPH)
|
|
Batting: LHB Keith Hughes
|
0-0: Ball 1-0: Called Strike 1-1: Called Strike 1-2: Ball 2-2: Foul Ball, location: 2F 2-2: Foul Ball, location: 2F 2-2: Foul Ball, location: 2F 2-2: Foul Ball, location: 2F 2-2: Foul Ball, location: 2F 2-2: Strikes out looking
|
| Bottom of the 9th over - 0 runs, 0 hits, 0 errors, 0 left on base; Tampa 11 - West Palm Beach 4 |
|